 Dungeon Crawl Stone Soup version 0.29.1-1-gd02db6906a (webtiles) character file.

Game seed: 2339428409696482624

282 juncz the Chiller (level 6, -5/44 HPs)
             Began as a Gnoll Ice Elementalist on Sept 27, 2022.
             Slain by Menkaure (21 damage)
             ... on level 4 of the Dungeon.
             The game lasted 00:06:50 (3620 turns).

juncz the Chiller (Gnoll Ice Elementalist)          Turns: 3620, Time: 00:06:51

Health: -5/44      AC:  6    Str:  7    XL:     6   Next: 28%
Magic:  11/14      EV: 13    Int: 17    God:
Gold:   95         SH:  4    Dex: 12    Spells: 8/15 levels left

rFire   . . .      SeeInvis .   l - +1 falchion (holy)
rCold   . . .      Faith    .   o - +0 buckler
rNeg    . . .      Spirit   .   a - +0 robe
rPois   .          Reflect  .   (no helmet)
rElec   .          Harm     .   (no cloak)
rCorr   .          Rampage  .   (no gloves)
Will    .....                   (no boots)
Stlth   +++.......              (no amulet)
HPRegen 0.14/turn               f - +4 ring of protection
MPRegen 0.14/turn               (no ring)

@: no status effects
A: fangs 1, strong nose, distributed training
a: no special abilities


You were on level 4 of the Dungeon.
You visited 1 branch of the dungeon, and saw 4 of its levels.

You collected 95 gold pieces.

Inventory:

Hand Weapons
 k - a +0 club
 l - a +1 falchion of holy wrath (weapon)
Armour
 a - a +0 robe (worn)
 o - a +0 buckler (worn)
Jewellery
 f - a +4 ring of protection (left hand)
 n - an amulet of guardian spirit
Wands
 i - a wand of charming (6)
Scrolls
 e - 4 scrolls of teleportation {unknown}
 j - a scroll of enchant weapon {unknown}
 m - a scroll of identify {unknown}
 p - a scroll of poison {unknown}
 q - a scroll of noise {unknown}
Potions
 b - 2 potions of magic
 c - 2 potions of attraction {unknown}
 d - a potion of flight {unknown}
 g - a potion of haste {unknown}
 h - a potion of berserk rage {unknown}


   Skills:
 + Level 2.0 Fighting
 + Level 2.0 Short Blades
 + Level 2.0 Long Blades
 + Level 2.0 Axes
 + Level 2.0 Maces & Flails
 + Level 2.0 Polearms
 + Level 2.0 Staves
 + Level 2.0 Ranged Weapons
 + Level 2.0 Throwing
 + Level 2.0 Armour
 + Level 5.0 Dodging
 + Level 4.6 Stealth
 + Level 2.0 Shields
 + Level 2.0 Unarmed Combat
 + Level 5.3 Spellcasting
 + Level 1.5 Conjurations
 + Level 1.5 Hexes
 + Level 1.5 Summonings
 + Level 1.5 Necromancy
 + Level 1.5 Translocations
 + Level 1.5 Transmutations
 + Level 1.5 Fire Magic
 + Level 7.3 Ice Magic
 + Level 1.5 Air Magic
 + Level 1.5 Earth Magic
 + Level 1.5 Poison Magic
 + Level 2.1 Invocations
 + Level 2.0 Evocations


You had 8 spell levels left.
You knew the following spells:

 Your Spells              Type           Power      Damage    Failure   Level
a - Freeze                Ice            100%       1d11      1%          1
b - Frozen Ramparts       Ice            58%        1d9       2%          3
c - Ozocubu's Armour      Ice            29%        N/A       2%          3

Your spell library contained the following spells:

 Spells                   Type           Power      Damage    Failure   Level
 Hailstorm                Conj/Ice       19%        3d6       28%         4
 Airstrike                Air            4%         2d(1-17)  67%         4
 Summon Lightning Spire   Summ/Air       9%         N/A       67%         4
 Lightning Bolt           Conj/Air       4%         1d16      95%         5


Dungeon Overview and Level Annotations

Branches:
Dungeon (4/15)
 Temple: D:4-7

Altars:

Shops:
D:3 (

Annotations:
D:4 Menkaure


Innate Abilities, Weirdness & Mutations

You have very sharp teeth.
Your uncanny sense of smell can sniff out nearby items.
Your experience applies equally to all skills.


Message History

Found 3 stones.
You see here 3 stones.
Menkaure, Prince of Dust comes into view.
You hit Menkaure but do no damage. Menkaure barely misses you.
You hit Menkaure but do no damage. You block Menkaure's attack.
You hit Menkaure but do no damage. Menkaure completely misses you.
You barely miss Menkaure.
Menkaure calls on the powers of darkness!
Your body is wracked with pain!
You hit Menkaure but do no damage. Menkaure barely misses you.
You hit Menkaure but do no damage. Menkaure completely misses you.
You barely miss Menkaure. Menkaure hits you!
Menkaure is nearby!
Casting: Freeze (safe; 1% risk of failure)
Confirm with . or Enter, or press ? or * to list all spells.
Aiming: Freeze (safe; 1% risk of failure)
Press: ? - help, Shift-Dir - straight line, f - Menkaure
Aim: Menkaure You freeze Menkaure.
Menkaure resists.
Menkaure is lightly damaged.
Menkaure barely misses you.
Casting: Freeze (safe; 1% risk of failure)
Confirm with . or Enter, or press ? or * to list all spells.
Aiming: Freeze (safe; 1% risk of failure)
Press: ? - help, Shift-Dir - straight line, f/p - Menkaure
Aim: Menkaure (lightly damaged)
You freeze Menkaure.
Menkaure resists.
Menkaure is lightly damaged.
Menkaure barely misses you.
You are too injured to fight recklessly!
You are too injured to fight recklessly!
Casting: Freeze (safe; 1% risk of failure)
Confirm with . or Enter, or press ? or * to list all spells.
Aiming: Freeze (safe; 1% risk of failure)
Press: ? - help, Shift-Dir - straight line, f/p - Menkaure
Aim: Menkaure (lightly damaged)
You freeze Menkaure.
Menkaure resists.
Menkaure is moderately damaged.
Menkaure hits you!!
You die...

..............
..........#.#
.......#..#.#
.#..##.#..#.#
†#..#..##...#
....#..##...##
.####.###.#..###### ##
......# #.........#...#
#####.#####.###.@M....#
#.(.....# #.##.....# .
######### #.# ..... .
#.. .... . ... #.# .
.... # . ##### ∆


You could see Menkaure.

Vanquished Creatures
  A phantom (D:4)
  An orc priest (D:4)
  2 iguanas (D:4)
  5 adders
  A worm (D:3)
  A dart slug (D:1)
  11 orcs
  6 endoplasms
  2 giant cockroaches
  8 goblins
  4 hobgoblins
  3 jackals (D:1)
  5 quokkas
  3 ball pythons
  3 bats
  2 frilled lizards
  5 kobolds
  8 rats
71 creatures vanquished.

Notes
Turn   | Place    | Note
-------+----------+-------------------------------------------
     0 | D:1      | juncz the Gnoll Ice Elementalist began the quest for the
                  | Orb.
     0 | D:1      | Reached XP level 1. HP: 13/13 MP: 6/6
   123 | D:1      | Reached XP level 2. HP: 19/19 MP: 4/7
   721 | D:1      | Reached skill level 5 in Spellcasting
   721 | D:1      | Reached XP level 3. HP: 25/25 MP: 3/9
   725 | D:1      | Learned a level 3 spell: Frozen Ramparts
   729 | D:1      | Learned a level 3 spell: Ozocubu's Armour
   955 | D:2      | Reached skill level 1 in Invocations
  1147 | D:2      | Identified the +1 sling "Haffoh" {vorpal, rC+ Str+6 Int-2}
  1177 | D:2      | Reached skill level 1 in Fighting
  1177 | D:2      | Reached skill level 1 in Short Blades
  1177 | D:2      | Reached skill level 1 in Long Blades
  1177 | D:2      | Reached skill level 1 in Axes
  1177 | D:2      | Reached skill level 1 in Maces & Flails
  1177 | D:2      | Reached skill level 1 in Polearms
  1177 | D:2      | Reached skill level 1 in Staves
  1177 | D:2      | Reached skill level 1 in Ranged Weapons
  1177 | D:2      | Reached skill level 1 in Throwing
  1177 | D:2      | Reached skill level 1 in Armour
  1177 | D:2      | Reached skill level 1 in Shields
  1177 | D:2      | Reached skill level 1 in Unarmed Combat
  1177 | D:2      | Reached skill level 1 in Evocations
  1906 | D:2      | Reached XP level 4. HP: 32/32 MP: 6/11
  2417 | D:3      | Found a faded altar of an unknown god.
  2465 | D:3      | Reached skill level 1 in Conjurations
  2465 | D:3      | Reached skill level 1 in Hexes
  2465 | D:3      | Reached skill level 1 in Summonings
  2465 | D:3      | Reached skill level 1 in Necromancy
  2465 | D:3      | Reached skill level 1 in Translocations
  2465 | D:3      | Reached skill level 1 in Transmutations
  2465 | D:3      | Reached skill level 1 in Fire Magic
  2465 | D:3      | Reached skill level 1 in Air Magic
  2465 | D:3      | Reached skill level 1 in Earth Magic
  2465 | D:3      | Reached skill level 1 in Poison Magic
  2743 | D:3      | Found Avoej's Weapon Boutique.
  3231 | D:4      | Reached XP level 5. HP: 31/37 MP: 3/12
  3461 | D:4      | Noticed a phantom
  3474 | D:4      | Killed a phantom
  3475 | D:4      | Reached skill level 5 in Dodging
  3475 | D:4      | Reached XP level 6. HP: 34/44 MP: 5/14
  3605 | D:4      | Noticed Menkaure
  3620 | D:4      | Slain by Menkaure

Illustrated notes

Levels and vault maps discovered:
D:1:      dpeg_arrival_rooms_b, layout_basic
D:2:      layout_basic
D:3:      layout_loops_ring, hellmonk_ecumenical_altar_arch_garden,
          serial_shops, nicolae_shop_bloodbath_and_beyond,
          kennysheep_generic_room_15
D:4:      layout_basic, grunt_ministairs_6, minmay_manual_monstrance,
          uniq_duvessa, uniq_menkaure, uniq_robin, uniq_grinder

Skill      XL: |  1  2  3  4  5 |
---------------+----------------+-----
Spellcasting   | 5 |  5.3
Invocations    | 1 2 |  2.1
Fighting       | 1 2 |  2.0
Short Blades   | 1 2 |  2.0
Long Blades    | 1 2 |  2.0
Axes           | 1 2 |  2.0
Maces & Flails | 1 2 |  2.0
Polearms       | 1 2 |  2.0
Staves         | 1 2 |  2.0
Ranged Weapons | 1 2 |  2.0
Throwing       | 1 2 |  2.0
Armour         | 1 2 |  2.0
Shields        | 1 2 |  2.0
Unarmed Combat | 1 2 |  2.0
Evocations     | 1 2 |  2.0
Conjurations   | 1 |  1.5
Hexes          | 1 |  1.5
Summonings     | 1 |  1.5
Necromancy     | 1 |  1.5
Translocations | 1 |  1.5
Transmutations | 1 |  1.5
Fire Magic     | 1 |  1.5
Air Magic      | 1 |  1.5
Earth Magic    | 1 |  1.5
Poison Magic   | 1 |  1.5
Dodging        | 5 |  5.0
Stealth        | |  4.6
Ice Magic      | |  7.3

Action                   |  1- 3 |  4- 6 || total
-------------------------+-------+-------++-------
Melee: Unarmed           |    18 |       ||    18
       Bite              |     3 |     3 ||     6
       Falchion          |       |    34 ||    34
       Club              |       |     4 ||     4
 Cast: Freeze            |    33 |    28 ||    61
       Frozen Ramparts   |     6 |    13 ||    19
       Ozocubu's Armour  |       |     3 ||     3
Armor: Robe              |     7 |    17 ||    24
Dodge: Dodged            |    36 |    43 ||    79
Block: Buckler           |       |     4 ||     4
